 Dungeon Crawl Stone Soup version 0.21-a0-450-gd87a9b2 (webtiles) character file.

74 mortelune the Chopper (level 4, 0/63 HPs)
             Began as a Minotaur Berserker on Nov 18, 2017.
             Was a Believer of Trog.
             Slain by a gnoll
             ... wielding a +0 spear
              (3 damage)
             ... on level 2 of the Dungeon.
             The game lasted 00:02:48 (671 turns).

mortelune the Chopper (Minotaur Berserker)           Turns: 671, Time: 00:02:49

Health: 0/63       AC:  5    Str: 27    XL:     4   Next: 10%
Magic:  3/3        EV: 12    Int:  4    God:    Trog [**....]
Gold:   48         SH:  0    Dex: 10    Spells: 3/3 levels left

rFire    . . .     SeeInvis .   a - +0 hand axe
rCold    . . .     Gourm    .   (no shield)
rNeg     . . .     Faith    .   b - +0 animal skin
rPois    .         Spirit   .   (helmet restricted)
rElec    .         Reflect  .   (no cloak)
rCorr    .         Harm     .   j - +0 pair of gloves
MR       .....                  i - +1 pair of boots {Stlth+}
Stlth    ..........             (no amulet)
HPRegen  0.20/turn              (no ring)
MPRegen  0.08/turn              (no ring)

@: berserking (expiring), very quick
A: retaliatory headbutt, horns 2
a: Berserk, Trog's Hand, Burn Spellbooks, Renounce Religion


You were on level 2 of the Dungeon.
You worshipped Trog.
Trog was pleased with you.
You were very hungry.

You visited 1 branch of the dungeon, and saw 2 of its levels.

You collected 48 gold pieces.

Inventory:

Hand Weapons
 a - a +0 hand axe (weapon)
Armour
 b - a +0 animal skin (worn)
 i - a +1 pair of boots of stealth (worn)
 j - a +0 pair of gloves (worn)
 n - a cursed +0 scale mail
Scrolls
 d - 3 scrolls of identify {unknown}
 e - 2 scrolls of remove curse {unknown}
 k - a scroll of immolation {unknown}
Potions
 h - a potion of lignification {unknown}
 l - 4 potions of might {unknown}
 m - a potion of curing {unknown}
Comestibles
 c - 3 bread rations
 f - a royal jelly
 g - 2 fruits


   Skills:
 + Level 5.0 Fighting
 + Level 5.0 Axes
 - Level 2.4 Armour
 - Level 2.1 Dodging


You had 3 spell levels left.
You didn't know any spells.

Dungeon Overview and Level Annotations

Branches:
Dungeon (2/15)

Altars:


Innate Abilities, Weirdness & Mutations

You reflexively headbutt those who attack you in melee.
You have a pair of horns on your head.


Message History

* * * LOW HITPOINT WARNING * * *
The gnoll hits you from afar with a spear!
* * * LOW HITPOINT WARNING * * *
The ooze barely misses you. You furiously retaliate!
You headbutt the ooze!
You kill the ooze!
Trog accepts your kill.
You can now call upon Trog for regeneration and protection from hostile enchantments.
You closely miss the gnoll.
The gnoll is severely wounded.
You slash the gnoll!
You kill the gnoll!
Trog accepts your kill.
Your Fighting skill increases to level 5!
Your Axes skill increases to level 5!
You have reached level 4!
You feel agile. The gnoll misses you. You furiously retaliate!
You headbutt the gnoll, but do no damage.
The gnoll hits you from afar with a spear.
You die...

.......######
#...........
#........#.### #
##............ ..
#...........###.#
#................
#.....(.†.g...#.#
.........)g)....#
........#.@...###
..#.###.#.....#
##.###.### #..#
.# #.## ># #†# .#
#.# .. #.# ## #
#.#


You could see 2 gnolls.

Vanquished Creatures
  Terence (D:2)
  2 gnolls (D:2)
  2 oozes (D:2)
  A dart slug (D:1)
  A bat (D:1)
  2 goblins (D:1)
  3 hobgoblins
  A jackal (D:1)
  2 kobolds
  2 frilled lizards (D:1)
  5 rats
22 creatures vanquished.

Notes
Turn   | Place    | Note
-------+----------+-------------------------------------------
     0 | D:1      | mortelune the Minotaur Berserker began the quest for the Orb.
     0 | D:1      | Reached XP level 1. HP: 19/19 MP: 0/0
   122 | D:1      | Reached XP level 2. HP: 27/27 MP: 1/1
   493 | D:2      | Noticed Terence
   500 | D:2      | Killed Terence
   500 | D:2      | Reached XP level 3. HP: 26/34 MP: 2/2
   670 | D:2      | Reached ** piety under Trog
   671 | D:2      | Reached skill level 5 in Fighting
   671 | D:2      | Reached skill level 5 in Axes
   671 | D:2      | Reached XP level 4. HP: 3/42 MP: 3/3
   671 | D:2      | Slain by a gnoll

Vault maps used:
D:1:      dpeg_arrival_rooms_a, minmay_quantized
D:2:      uniq_terence

Skill      XL: |  1  2  3 |
---------------+----------+-----
Fighting       | 4 5 |  5.0
Axes           | 4 5 |  5.0
Armour         | |  2.4
Dodging        | |  2.1

Action                   |  1- 3 |  4- 6 || total
-------------------------+-------+-------++-------
Melee: Hand axe          |    39 |       ||    39
       Headbutt          |     6 |       ||     6
Invok: Berserk           |     2 |       ||     2
Armor: Animal skin       |     5 |       ||     5
Dodge: Dodged            |    32 |     1 ||    33

Table legend:
 A = Spawn XP
 B = Non-spawn XP
 C = Spawn XP percentage of total XP
 D = Spawn monster count
 E = Non-spawn monster count
 F = Spawn count percentage of total count
 G = Total turns spent on level
                    A         B        C        D         E        F      G
               +---------+---------+-------+---------+---------+-------+---------
         Total |       0 |     107 |   0.0 |       0 |      22 |   0.0 |   671
               +---------+---------+-------+---------+---------+-------+---------
           D:1 |       0 |      23 |   0.0 |       0 |      13 |   0.0 |   463
           D:2 |       0 |      84 |   0.0 |       0 |       9 |   0.0 |   208
               +---------+---------+-------+---------+---------+-------+---------
